 Dungeon Crawl Stone Soup version 0.19.4 (webtiles) character file.

2069 Naow the Thaumaturge (level 9, -11/45 HPs)
             Began as a Deep Elf Fire Elementalist on Feb 3, 2017.
             Was an Initiate of Vehumet.
             Killed by divine providence
             ... invoked by a smoke demon
              (13 damage)
             ... on level 1 of the Abyss.
             The game lasted 00:16:21 (8537 turns).

Naow the Thaumaturge (Deep Elf Fire Elementalist)   Turns: 8537, Time: 00:16:22

Health: -11/45     AC:  7    Str:  5    XL:     9   Next: 5%
Magic:  5/24       EV: 13    Int: 24    God:    Vehumet [......]
Gold:   290        SH:  0    Dex: 22    Spells: 5 memorised, 11 levels left

rFire  + + .     SeeInvis +     C - -1 short sword (curse)
rCold  . . .     Gourm    .     N - +2 robe of Boiling Hail {rF++ Dex+4}
rNeg   . . .     Faith    .     (no shield)
rPois  +         Spirit   .     (no helmet)
rElec  .         Reflect  .     f - +0 cloak
rCorr  .         Harm     .     u - +0 pair of gloves
MR     .....                    x - +0 pair of boots
Stlth  +++.......               B - amulet of magic regeneration
                                G - ring of Vetz {rPois Dex+3 SInv}
                                (no ring)

@: hasted, very quick
A: no striking features
a: Renounce Religion


You were on level 1 of the Abyss.
You worshipped Vehumet.
Vehumet was noncommittal.
You were very hungry.

You visited 2 branches of the dungeon, and saw 9 of its levels.
You visited the Abyss 1 time.

You collected 290 gold pieces.

Inventory:

Hand Weapons
 C - a cursed -1 short sword (weapon)
 D - a cursed -3 dagger
Armour
 a - a +0 robe
 f - a +0 cloak (worn)
 u - a +0 pair of gloves (worn)
 x - a +0 pair of boots (worn)
 N - the +2 robe of Boiling Hail (worn) {rF++ Dex+4}
   (You found it on level 7 of the Dungeon)

   It affects your dexterity (+4).
   It greatly protects you from fire.
Jewellery
 l - an uncursed ring of flight
 B - an amulet of magic regeneration (around neck)
 E - an uncursed ring of ice
 G - the ring of Vetz (right hand) {rPois Dex+3 SInv}
   (You found it on level 5 of the Dungeon)

   [ring of poison resistance]

   It affects your dexterity (+3).
   It protects you from poison.
   It lets you see invisible.
Wands
 y - a wand of paralysis (0/24)
 z - a wand of flame (22/48)
Scrolls
 d - 7 scrolls of identify {unknown}
 i - 2 scrolls of enchant armour {unknown}
 n - a scroll of magic mapping
 q - 5 scrolls of recharging {unknown}
 r - 2 scrolls of teleportation {unknown}
 s - 5 scrolls of fog {unknown}
 t - 2 scrolls of remove curse {unknown}
 A - a scroll of immolation {unknown}
 F - a scroll of fear {unknown}
 I - a scroll of noise {unknown}
Potions
 e - 2 potions of cancellation {unknown}
 g - 2 potions of brilliance {unknown}
 h - 2 potions of heal wounds {unknown}
 k - 2 potions of curing {unknown}
 p - 3 potions of agility {unknown}
 v - 2 potions of haste
 H - a potion of beneficial mutation {unknown}
 J - a potion of mutation {unknown}
 K - a potion of magic {unknown}
 L - a potion of flight {unknown}
Books
 b - a book of Flames

   Spells                             Type                      Level
   a - Flame Tongue                   Conjuration/Fire             1
   b - Throw Flame                    Conjuration/Fire             2
   c - Conjure Flame                  Conjuration/Fire             3
   d - Inner Flame                    Hexes/Fire                   3
   e - Sticky Flame                   Conjuration/Fire             4
   f - Fireball                       Conjuration/Fire             5
 o - a book of Maledictions

   Spells                             Type                      Level
   a - Corona                         Hexes                        1
   b - Ensorcelled Hibernation        Hexes/Ice                    2
   c - Confuse                        Hexes                        3
   d - Tukima's Dance                 Hexes                        3
   e - Dazzling Spray                 Conjuration/Hexes            3
Comestibles
 c - 6 bread rations
 j - 6 fruits
 m - 3 beef jerkies
 w - 2 meat rations


   Skills:
 - Level 2.4 Dodging
 - Level 2.4 Stealth
 + Level 9.4 Spellcasting
 + Level 7.7 Conjurations
 + Level 8.1 Fire Magic


You had 11 spell levels left.
You knew the following spells:

 Your Spells              Type           Power        Failure   Level  Hunger
a - Flame Tongue          Conj/Fire      #####        1%          1    None
b - Throw Flame           Conj/Fire      #####.       1%          2    None
c - Conjure Flame         Conj/Fire      #####...     1%          3    None
d - Sticky Flame          Conj/Fire      #####...     2%          4    ##.....
e - Fireball              Conj/Fire      #####.....   8%          5    ####...


Dungeon Overview and Level Annotations

Branches:
Dungeon (8/15)             Temple (1/1) D:7
   Lair: D:8-11

Altars:
Ashenzari
Cheibriados
Dithmenos
Elyvilon
Fedhas
Gozag
Hepliaklqana
Kikubaaqudgha
Makhleb
Nemelex Xobeh
Okawaru
Qazlal
Sif Muna
Trog
Uskayaw
Vehumet
Xom
Yredelemnul
The Shining One

Annotations:
D:6 exclusion: crimson imp
D:7 Psyche


Message History

The fireball engulfs the thrashing horror.
The thrashing horror resists.
The thrashing horror is heavily damaged.
The smoke demon gestures at you. Something smites you!
A green draconian comes into view. It is wielding a scimitar.
As you read the scroll labeled HINLENUIHE, it crumbles to dust.
You feel momentarily disoriented.
It was a scroll of magic mapping.
The thrashing horror tramples you!
* * * LOW HITPOINT WARNING * * *
You stumble backwards!
The green draconian breathes poison at you.
The blast of poison engulfs the thrashing horror.
The thrashing horror completely resists.
It was a potion of haste.
You feel yourself speed up. The thrashing horror misses you.
The thrashing horror tramples you but does no damage.
The smoke demon gestures at you. Something smites you!
You die...

# ##...........#
#.... .........#
# #.### ###
###d##.#... #.
### #§...'.⌠ #.
.#.#######§##.#
.. #
.##......§§§§###
## #.....§3X.#
#.# #.#.###§##
#.# # #@# # ###
.# #. ###


You could see a green draconian, a thrashing horror and a smoke demon.

Vanquished Creatures
  Pikel (D:4)
  3 slaves (D:3)
  An orc warrior (D:7)
  A small abomination (Abyss:1)
  3 ogres
  2 centaurs
  2 bullfrogs (D:7)
  2 scorpions
  4 wights (D:7)
  A howler monkey (D:3)
  A crimson imp (D:4)
  3 hounds
  3 orc priests
  2 orc wizards (D:5)
  Natasha (D:4)
  An iguana (D:5)
  3 worker ants
  2 hound skeletons
  A worker ant zombie (D:7)
  A howler monkey skeleton (D:7)
  6 adders
  3 worms
  5 dart slugs
  A leopard gecko (D:2)
  23 orcs
  2 ball pythons (D:2)
  6 giant cockroaches
  7 goblins
  5 hobgoblins
  9 jackals
  3 quokkas
  5 bats
  10 frilled lizards
  A jackal zombie (D:7)
  11 kobolds
  11 rats
146 creatures vanquished.

Vanquished Creatures (others)
  Natasha (twice) (D:4)
  A kobold (D:8)
3 creatures vanquished.

Grand Total: 149 creatures vanquished

Notes
Turn   | Place    | Note
-------+----------+-------------------------------------------
     0 | D:1      | Naow the Deep Elf Fire Elementalist began the quest for the Orb.
     0 | D:1      | Reached XP level 1. HP: 10/10 MP: 6/6
   699 | D:1      | Reached XP level 2. HP: 15/15 MP: 6/8
   766 | D:1      | Learned a level 2 spell: Throw Flame
  1359 | D:1      | Reached XP level 3. HP: 19/19 MP: 7/10
  1364 | D:1      | Learned a level 3 spell: Conjure Flame
  2181 | D:2      | Reached skill level 4 in Spellcasting
  2235 | D:2      | Reached XP level 4. HP: 10/24 MP: 6/12
  2443 | D:2      | Learned a level 4 spell: Sticky Flame
  3798 | D:3      | Reached XP level 5. HP: 23/28 MP: 2/13
  4187 | D:4      | Noticed an ogre
  4189 | D:4      | Killed an ogre
  4189 | D:4      | Reached skill level 5 in Spellcasting
  4329 | D:4      | Noticed a slave
  4331 | D:4      | Noticed a slave
  4336 | D:4      | Noticed a slave
  4337 | D:4      | Noticed a slave
  4340 | D:3      | Killed a slave
  4460 | D:4      | Noticed Natasha
  4460 | D:4      | Noticed Pikel
  4548 | D:4      | Reached XP level 6. HP: 32/32 MP: 11/15
  4634 | D:3      | Killed a slave
  4834 | D:3      | Killed a slave
  5072 | D:4      | Killed Pikel
  5072 | D:4      | Reached skill level 6 in Spellcasting
  5072 | D:4      | Reached skill level 5 in Conjurations
  5072 | D:4      | Reached skill level 5 in Fire Magic
  5072 | D:4      | Reached XP level 7. HP: 36/36 MP: 4/18
  5142 | D:4      | Killed Natasha
  5251 | D:4      | Noticed Natasha
  5254 | D:4      | Killed Natasha
  5494 | D:4      | Found an iron altar of Okawaru.
  5669 | D:4      | Killed Natasha
  5706 | D:4      | Learned a level 5 spell: Fireball
  5822 | D:4      | Found an ancient bone altar of Kikubaaqudgha.
  5824 | D:4      | Found a bloodstained altar of Trog.
  5824 | D:4      | Found a burning altar of Makhleb.
  5905 | D:4      | Reached skill level 7 in Spellcasting
  5968 | D:5      | Entered Level 5 of the Dungeon
  6097 | D:5      | Got a heavily runed platinum ring
  6102 | D:5      | Identified the ring of Vetz {rPois Dex+3 SInv} (You found it on level 5 of the Dungeon)
  6145 | D:5      | Reached XP level 8. HP: 27/41 MP: 1/21
  6900 | D:6      | Reached skill level 8 in Spellcasting
  7219 | D:7      | Found a deep blue altar of Sif Muna.
  7220 | D:7      | Found a shadowy altar of Dithmenos.
  7220 | D:7      | Found a snail-covered altar of Cheibriados.
  7220 | D:7      | Found a white marble altar of Elyvilon.
  7335 | D:7      | Found a sparkling altar of Nemelex Xobeh.
  7335 | D:7      | Found a burning altar of Makhleb.
  7335 | D:7      | Found a snail-covered altar of Cheibriados.
  7336 | D:7      | Found an ancient bone altar of Kikubaaqudgha.
  7336 | D:7      | Found a snail-covered altar of Cheibriados.
  7338 | D:7      | Found a burning altar of Makhleb.
  7338 | D:7      | Found a glowing golden altar of the Shining One.
  7338 | D:7      | Found a blossoming altar of Fedhas.
  7339 | D:7      | Found a bloodstained altar of Trog.
  7339 | D:7      | Found an opulent altar of Gozag.
  7340 | D:7      | Found a white marble altar of Elyvilon.
  7340 | D:7      | Found a shimmering altar of Xom.
  7376 | D:7      | Found a staircase to the Ecumenical Temple.
  7381 | Temple   | Entered the Ecumenical Temple
  7486 | Temple   | Became a worshipper of Vehumet
  7770 | D:7      | Found a blossoming altar of Fedhas.
  7785 | D:7      | Reached skill level 9 in Spellcasting
  7877 | D:7      | Found a shattered altar of Ashenzari.
  7913 | D:7      | Got a distressingly furry robe
  7924 | D:7      | Identified the +2 robe of Boiling Hail {rF++ Dex+4} (You found it on level 7 of the Dungeon)
  8169 | D:7      | Reached XP level 9. HP: 37/45 MP: 17/24
  8402 | D:8      | Noticed Psyche
  8407 | D:7      | Cast into level 1 of the Abyss (Psyche)
  8407 | Abyss:1  | Found a sparkling altar of Nemelex Xobeh.
  8502 | Abyss:1  | Noticed a thrashing horror
  8524 | Abyss:1  | Noticed a smoke demon
  8536 | Abyss:1  | Noticed a green draconian
  8536 | Abyss:1  | HP: 2/45 [thrashing horror (13)]
  8537 | Abyss:1  | Killed from afar by a smoke demon

Skill      XL: |  1  2  3  4  5  6  7  8 |
---------------+-------------------------+-----
Conjurations   | 2 3 4 5 6 7 |  7.7
Spellcasting   | 4 5 6 7 9 |  9.4
Fire Magic     | 4 5 6 8 |  8.1
Dodging        | |  2.4
Stealth        | |  2.4

Action                   |  1- 3 |  4- 6 |  7- 9 || total
-------------------------+-------+-------+-------++-------
Melee: Unarmed           |     5 |     2 |       ||     7
       Short sword       |       |       |    63 ||    63
 Cast: Flame Tongue      |    75 |    59 |    85 ||   219
       Throw Flame       |       |    58 |    84 ||   142
       Conjure Flame     |       |     2 |     4 ||     6
       Sticky Flame      |       |       |     8 ||     8
       Fireball          |       |       |     3 ||     3
Evoke: Wand              |       |       |     7 ||     7
  Use: Scroll            |       |       |     1 ||     1
       Potion            |       |       |     1 ||     1
 Stab: Paralysed         |       |       |     5 ||     5
  Eat: Chunk             |     4 |     8 |    11 ||    23
Armor: Robe              |     7 |    11 |    34 ||    52
Dodge: Dodged            |    47 |    26 |    52 ||   125
